 Dungeon Crawl Stone Soup version 0.28.0-53-g5a82cb258f (webtiles) character file.

Game seed: 6233208428722303462

457 Peloso the Slasher (level 6, -2/56 HPs)
             Began as a Minotaur Fighter on July 14, 2022.
             Was an Initiate of Okawaru.
             Killed from afar by a dart slug (6 damage)
             ... with a slug dart
             ... on level 3 of the Dungeon.
             The game lasted 00:05:00 (2685 turns).

Peloso the Slasher (Minotaur Fighter)               Turns: 2685, Time: 00:05:00

Health: -2/56      AC:  9    Str: 20    XL:     6   Next: 77%
Magic:  5/5        EV:  7    Int:  5    God:    Okawaru [......]
Gold:   80         SH:  5    Dex: 12    Spells: 5/5 levels left

rFire   . . .      SeeInvis .   a - +0 long sword
rCold   . . .      Faith    .   c - +0 buckler
rNeg    . . .      Spirit   .   f - +0 chain mail
rPois   .          Reflect  .   (helmet restricted)
rElec   .          Harm     .   (no cloak)
rCorr   .          Rampage  .   (no gloves)
Will    .....                   (no boots)
Stlth   ..........              (no amulet)
HPRegen 0.18/turn               (no ring)
MPRegen 0.09/turn               (no ring)

@: no status effects
A: horns 2, retaliatory headbutt
a: Renounce Religion


You were on level 3 of the Dungeon.
You worshipped Okawaru.
Okawaru was noncommittal.
You visited 1 branch of the dungeon, and saw 5 of its levels.

You collected 80 gold pieces.

Inventory:

Hand Weapons
 a - a +0 long sword (weapon)
Armour
 b - a +0 scale mail
 c - a +0 buckler (worn)
 f - a +0 chain mail (worn)
Jewellery
 i - an amulet of faith
Wands
 k - a wand of acid (11)
 m - a wand of flame (21)
Scrolls
 e - 2 scrolls of teleportation {unknown}
 g - a scroll of silence {unknown}
 n - a scroll of identify {unknown}
Potions
 d - 3 potions of might
 h - a potion of lignification {unknown}
 j - a potion of invisibility {unknown}
 l - a potion of curing {unknown}


   Skills:
 + Level 5.3 Fighting
 + Level 5.9 Long Blades
 + Level 5.1 Armour
 + Level 1.2 Dodging
 + Level 4.9 Shields


You had 5 spell levels left.
You didn't know any spells.
Your spell library contained the following spells:

 Spells                   Type           Power      Damage    Failure   Level
 Apportation              Tloc           0%         N/A       100%        1
 Ensorcelled Hibernation  Hex/Ice        0%         N/A       100%        2
 Spider Form              Tmut/Pois      0%         N/A       100%        3
 Anguish                  Hex/Necr       0%         N/A       100%        4
 Fireball                 Conj/Fire      0%         3d3       100%        5
 Iskenderun's Battlesphe  Conj           0%         2d6       100%        5
 Conjure Ball Lightning   Conj/Air       0%         3x3d6     100%        6
 Orb of Destruction       Conj           0%         9d5       100%        7


Dungeon Overview and Level Annotations

Branches:
Dungeon (5/15)
 Temple: D:4-7

Altars:
Okawaru
Vehumet

Shops:
D:3 ?

Annotations:
D:3 Ijyb
D:5 2 transporters, Zyrden's ghost, amateur DrTm


Innate Abilities, Weirdness & Mutations

You have a pair of horns on your head.
You reflexively headbutt those who attack you in melee.


Message History

You hit Ijyb but do no damage. Your headbutt misses Ijyb.
Ijyb is heavily wounded.
Ijyb screams, "Me stronger than you!" Ijyb closely misses you.
You furiously retaliate!
You headbutt Ijyb, but do no damage.
The endoplasm hits you but does no damage.
The dart slug closely misses you.
You slash Ijyb! Your headbutt misses Ijyb.
Ijyb is almost dead.
Ijyb hits you but does no damage. The endoplasm freezes you.
You are frozen.
* * * LOW HITPOINT WARNING * * *
The dart slug bites you but does no damage.
You barely miss Ijyb.
Ijyb is almost dead.
You block Ijyb's attack. The endoplasm barely misses you.
You closely miss Ijyb. Your headbutt misses Ijyb.
Ijyb is almost dead.
Ijyb barely misses you.
The endoplasm hits you but does no damage.
The dart slug launches a dart at you. The slug dart hits you.
* * * LOW HITPOINT WARNING * * *
Ijyb hits you with a +0 club.
* * * LOW HITPOINT WARNING * * *
You hit Ijyb but do no damage.
Ijyb is almost dead.
The endoplasm hits you.
* * * LOW HITPOINT WARNING * * *
The dart slug bites you but does no damage.
Ijyb hits you but does no damage. The endoplasm barely misses you.
Unknown command.
You barely miss Ijyb.
Ijyb is almost dead.
Ijyb hits you with a +0 club.
* * * LOW HITPOINT WARNING * * *
The dart slug launches a dart at you. The slug dart hits you.
You die...

#..... #>... ...... #...
####.#..... #..# #..........
####..########.##.......
'.##..#........#......
#.....#........#..#.#.##
.####.#.)........J......
.####.#.........@gb...#######
........##..##.#.w..........###
.####.#.##..##.####...........
. #.#.##..##.# ...#.#.... .
#.#.##..##.# ...# #...# #
#.#.....##.# .....#b..####.
#.#......... .......<......
#.#.....#### .#...#........
#.#.##### ... #...####.


You could see Ijyb, a dart slug, an endoplasm and a bat.

Vanquished Creatures
  A necrophage (D:5)
  An ogre (D:5)
  A bullfrog zombie (D:5)
  A hound (D:5)
  A bullfrog skeleton (D:5)
  2 iguanas (D:5)
  An orc wizard (D:5)
  4 gnolls (D:2)
  An adder (D:5)
  A shadow imp (D:5)
  A dart slug (D:1)
  6 orcs (D:5)
  8 endoplasms
  2 giant cockroaches (D:1)
  8 goblins
  6 hobgoblins
  4 kobolds
  3 quokkas
  5 ball pythons
  4 bats
  7 rats
68 creatures vanquished.

Vanquished Creatures (others)
  2 fungi (D:2)
  A plant (D:2)
3 creatures vanquished.

Grand Total: 71 creatures vanquished

Notes
Turn   | Place    | Note
-------+----------+-------------------------------------------
     0 | D:1      | Peloso the Minotaur Fighter began the quest for the Orb.
     0 | D:1      | Reached XP level 1. HP: 19/19 MP: 0/0
    96 | D:1      | Reached XP level 2. HP: 27/27 MP: 1/1
   368 | D:1      | Reached XP level 3. HP: 33/33 MP: 2/2
   969 | D:2      | Found a faded altar of an unknown god.
   973 | D:2      | Got Plato's Compendium of the Compass
  1158 | D:2      | Reached XP level 4. HP: 32/40 MP: 3/3
  1396 | D:3      | You fall into a shaft and drop 2 floors!
  1396 | D:5      | Entered Level 5 of the Dungeon
  1432 | D:5      | Reached XP level 5. HP: 42/47 MP: 4/4
  1555 | D:5      | Found a transporter.
  1555 | D:5      | Noticed Zyrden's ghost (amateur DrTm)
  1571 | D:5      | Reached skill level 5 in Fighting
  1853 | D:5      | Reached skill level 5 in Long Blades
  1994 | D:5      | Reached XP level 6. HP: 37/56 MP: 5/5
  2166 | D:5      | Found an iron altar of Okawaru.
  2173 | D:5      | Became a worshipper of Warmaster Okawaru
  2228 | D:5      | Reached skill level 1 in Dodging
  2284 | D:5      | Found a transporter.
  2448 | D:5      | Reached skill level 5 in Armour
  2608 | D:4      | Found a radiant altar of Vehumet.
  2624 | D:3      | Found Senkadul's Magic Scroll Boutique.
  2659 | D:3      | Noticed Ijyb
  2685 | D:3      | Killed from afar by a dart slug

Illustrated notes

Levels and vault maps discovered:
D:1:      tarquinn_simple_flora_water_c, layout_basic, minmay_misc_feat_doors
D:2:      layout_basic, shapermc_ecumenical_altar_rom_forum
D:3:      layout_basic, lemuel_round_altar, serial_shops,
          nicolae_shop_hallway_stairs, corexii_hall_statues_x, uniq_terence,
          uniq_ijyb
D:4:      layout_cave_pools, vehumet_altar_wand_db, kennysheep_mini_moat,
          corexii_leaking_fountain
D:5:      layout_loops_ring, mainiacjoe_overflow_six_doors_small,
          gammafunk_ghost_stat_death

Skill      XL: |  1  2  3  4  5  6 |
---------------+-------------------+-----
Fighting       | 4 5 |  5.3
Armour         | 4 5 |  5.1
Shields        | 4 |  4.9
Long Blades    | 3 4 5 |  5.9
Dodging        | 1 |  1.2

Action                   |  1- 3 |  4- 6 || total
-------------------------+-------+-------++-------
Melee: Long sword        |    97 |   105 ||   202
       Headbutt          |     9 |    16 ||    25
  Use: Potion            |     1 |     1 ||     2
       Scroll            |     1 |       ||     1
Armor: Scale mail        |    15 |       ||    15
       Chain mail        |    32 |    69 ||   101
Dodge: Dodged            |    45 |    44 ||    89
Block: Buckler           |    24 |    36 ||    60
